 Dungeon Crawl Stone Soup version 0.23.1-37-gaa34b87 (webtiles) character file.

Game seed: 5929435210065050667

80 redwoodhats the Gusty (level 4, 0/24 HPs)
             Began as a Tengu Air Elementalist on Mar 23, 2019.
             Slain by an iguana (11 damage)
             ... on level 3 of the Dungeon.
             The game lasted 00:15:14 (2439 turns).

redwoodhats the Gusty (Tengu Air Elementalist)      Turns: 2439, Time: 00:15:15

Health: 0/24       AC:  2    Str:  9    XL:     4   Next: 39%
Magic:  1/9        EV: 13    Int: 16    God:
Gold:   41         SH:  0    Dex: 14    Spells: 7/8 levels left

rFire    . . .     SeeInvis .   (no weapon)
rCold    . . .     Gourm    .   (no shield)
rNeg     . . .     Faith    .   a - +0 robe
rPois    .         Spirit   .   (helmet restricted)
rElec    .         Reflect  .   (no cloak)
rCorr    .         Harm     .   (no gloves)
MR       .....                  (boots unavailable)
Stlth    ++........             (no amulet)
HPRegen  0.08/turn              (no ring)
MPRegen  0.11/turn              (no ring)

@: very slightly contaminated
A: beak, talons 3
a: no special abilities


You were on level 3 of the Dungeon.
You were not hungry.

You visited 1 branch of the dungeon, and saw 3 of its levels.

You collected 41 gold pieces.

Inventory:

Armour
 a - a +0 robe (worn)
Scrolls
 b - 2 scrolls of remove curse {unknown}
 c - a scroll of fog {unknown}
 d - a scroll of amnesia {unknown}
 l - a scroll of teleportation {unknown}
Potions
 e - a potion of might {unknown}
 g - a potion of degeneration {unknown}
 h - 3 potions of curing {unknown}
 i - a potion of agility {unknown}
 j - a potion of haste {unknown}
 k - a potion of ambrosia {unknown}
Comestibles
 f - 2 rations


   Skills:
 + Level 0.1 Fighting
 + Level 2.5 Dodging
 + Level 2.2 Stealth
 + Level 0.7 Unarmed Combat
 + Level 2.6 Spellcasting
 + Level 2.0 Conjurations
 + Level 5.3 Air Magic


You had 7 spell levels left.
You knew the following spells:

 Your Spells              Type           Power        Failure   Level  Hunger
a - Shock                 Conj/Air       ##..         4%          1    #......

Your spell library contained the following spells:

 Spells                   Type           Power        Failure   Level  Hunger
 Swiftness                Chrm/Air       ##......     10%         2    ##.....
 Static Discharge         Conj/Air       ##......     13%         3    ###....
 Airstrike                Air            ###.......   22%         4    #####..
 Lightning Bolt           Conj/Air       ##........   75%         5    ######.


Dungeon Overview and Level Annotations

Branches:
Dungeon (3/15)

Altars:
Ashenzari
Okawaru
Zin


Innate Abilities, Weirdness & Mutations

You have a beak for a mouth.
You have claws for feet.


Message History

Aim: an orc, wielding a +0 hand axe and wearing a +0 leather armour You miscast Shock.
You are very lightly contaminated with residual magic.
Wisps of smoke drift from your hands. The bat misses you.
The leopard gecko bites you but does no damage.
The iguana completely misses you.
Casting: Shock (safe; 4% risk of failure)
Confirm with . or Enter, or press ? or * to list all spells.
Aiming: Shock (safe; 4% risk of failure)
Press: ? - help, Shift-Dir - straight line, f/p - orc
Aim: an orc, wielding a +0 hand axe and wearing a +0 leather armour The zap hits the orc but does no damage.
The bat hits you. The orc hits you with a +0 hand axe.
The leopard gecko misses you. The iguana closely misses you.
Casting: Shock (safe; 4% risk of failure)
Confirm with . or Enter, or press ? or * to list all spells.
You don't have enough magic to cast that spell.
Unknown command.
The leopard gecko bites you. The bat closely misses you. The iguana bites you!
You die...

#............(.#
#..............#
######.........#
######.....?...#
#[.............#
###..............#
#............#####
#.....ll..####
#..".ob@..#
#.........#
#.........#
#.........#
###########


You could see an iguana, an orc, a leopard gecko and a bat.

Vanquished Creatures
  3 adders (D:2)
  4 dart slugs
  A leopard gecko (D:1)
  An orc (D:3)
  2 giant cockroaches (D:1)
  5 goblins
  6 hobgoblins (D:1)
  4 jackals (D:2)
  A quokka (D:2)
  4 bats
  3 frilled lizards
  4 kobolds
  3 rats
41 creatures vanquished.

Notes
Turn   | Place    | Note
-------+----------+-------------------------------------------
     0 | D:1      | redwoodhats the Tengu Air Elementalist began the quest for
                  | the Orb.
     0 | D:1      | Reached XP level 1. HP: 10/10 MP: 4/4
   293 | D:1      | Reached XP level 2. HP: 15/15 MP: 0/6
   685 | D:1      | Reached skill level 5 in Air Magic
  1203 | D:1      | Reached XP level 3. HP: 9/19 MP: 2/7
  1655 | D:2      | Found an iron altar of Okawaru.
  1736 | D:2      | Found a glowing silver altar of Zin.
  1939 | D:2      | Reached XP level 4. HP: 21/24 MP: 2/8
  2376 | D:3      | Found a shattered altar of Ashenzari.
  2439 | D:3      | Slain by an iguana

Skill      XL: |  1  2  3  4 |
---------------+-------------+-----
Air Magic      | 5 |  5.3
Conjurations   | 2 |  2.0
Fighting       | |  0.1
Dodging        | |  2.5
Stealth        | |  2.2
Unarmed Combat | |  0.7
Spellcasting   | |  2.6

Action                   |  1- 3 |  4- 6 || total
-------------------------+-------+-------++-------
Melee: Unarmed           |    31 |     5 ||    36
       Kick              |     9 |     2 ||    11
       Peck              |     2 |       ||     2
 Cast: Shock             |    78 |    30 ||   108
  Eat: Ration            |     2 |       ||     2
Armor: Robe              |    11 |    11 ||    22
Dodge: Dodged            |    32 |    34 ||    66
